 Dungeon Sprint DCSS version 0.30-a0-778-g2ef04afb54 (webtiles) character file.

Game seed: 10243422437386596756

20 dialectric the Covered (level 2, -1/25 HPs)
             Began as a Demonspawn Fighter on Feb 16, 2023.
             Slain by an iguana (9 damage)
             ... in the Dungeon (Sprint IX: "|||||||||||||||||||||||||||||").
             The game lasted 00:00:28 (90 turns).

dialectric the Covered (Demonspawn Fighter)           Turns: 90, Time: 00:00:29

Health: -1/25      AC:  7    Str: 16    XL:     2   Next: 58%
Magic:  2/2        EV: 14    Int:  9    God:
Gold:   0          SH:  0    Dex: 12    Spells: 1/1 levels left

rFire   . . .      SeeInvis .    a - +0 long sword
rCold   . . .      Faith    .    (no shield)
rNeg    . . .      Spirit   .    b - +0 scale mail
rPois   .          Reflect  .    (no helmet)
rElec   .          Harm     .    (no cloak)
rCorr   .          Rampage  .    (no gloves)
Will    .....      NoTele   +    (no boots) Stlth
                                 (no amulet)
HPRegen 0.24/turn                (no ring)
MPRegen 0.08/turn                (no ring)

@: agile
A: powered by pain 1
a: no special abilities


You were in the Dungeon.
You visited 1 branch

Inventory:

Hand Weapons
 a - a +0 long sword (weapon)
Armour
 b - a +0 scale mail (worn)
 c - a +0 buckler
Scrolls
 j - a scroll of blinking
Potions
 d - a potion of might
 g - a potion of haste
 h - 2 potions of magic
 i - a potion of berserk rage


   Skills:
 + Level 4.2 Fighting
 + Level 2.4 Long Blades
 * Level 4.5 Armour
 - Level 2.6 Shields


You had one spell level left.
You didn't know any spells.
Your spell library was empty.

Dungeon Overview and Level Annotations

Branches:
Dungeon (1/1)

Altars:


Innate Abilities, Weirdness & Mutations

You sometimes gain a little power by taking damage.


Message History

The black bear bites you but does no damage.
The black bear claws you. The black bear barely misses you.
You hit the black bear but do no damage.
The black bear is moderately wounded.
The black bear barely misses you. The black bear claws you.
The black bear claws you but does no damage.
You feel much better. The black bear bites you.
The black bear barely misses you.
The black bear claws you but does no damage.
You hit the black bear.
The black bear is heavily wounded.
The black bear bites you!
You focus on the pain.
You feel agile all of a sudden. The black bear closely misses you.
The black bear claws you.
You closely miss the black bear.
The black bear is heavily wounded.
The black bear misses you. x2; The black bear closely misses you.
The black bear bites you but does no damage.
The black bear claws you but does no damage.
The black bear claws you.
You hit the black bear.
The black bear is heavily wounded.
The black bear misses you.
The black bear claws you but does no damage.
The black bear closely misses you.
You hit the black bear.
The black bear is severely wounded.
The black bear misses you. x2; The black bear claws you.
* * * LOW HITPOINT WARNING * * *
You hit the black bear.
The black bear is almost dead.
The black bear bites you.
* * * LOW HITPOINT WARNING * * *
The black bear claws you but does no damage. x2
You feel better. The black bear bites you. The black bear misses you.
The black bear claws you but does no damage.
You hit the black bear.
You kill the black bear!
The iguana bites you!
You die...

▓+▓
▓.▓
▓.▓
▓.▓
▓.▓
▓l▓
▓@▓
▓.▓
▓.▓
▓.▓
▓.▓
▓)▓
▓'▓
▓.▓
▓.▓


You could see an iguana.

Vanquished Creatures
  A black bear (D)
  An adder (D)
  2 dart slugs (D)
  An orc (D)
  An endoplasm (D)
  2 kobolds (D)
  A rat (D)
9 creatures vanquished.

Notes
Turn   | Place    | Note
-------+----------+-------------------------------------------
     0 | D        | dialectric the Demonspawn Fighter began the quest for the
                  | Orb.
     0 | D        | Reached XP level 1. HP: 18/18 MP: 1/1
    66 | D        | Noticed an iguana
    66 | D        | Noticed a black bear
    70 | D        | Gained mutation: You sometimes gain a little power by
                  | taking damage. [demonic ancestry]
    70 | D        | Reached XP level 2. HP: 25/25 MP: 2/2
    90 | D        | Killed a black bear
    90 | D        | Slain by an iguana

Illustrated notes

Levels and vault maps discovered:
D:        linesprint [early_d, line_temple, items_1, d_10, items_2, lair_1,
          lair_end, items_3, orc_1, orc_end, items_4, d_15, swamp_1, shoals_1,
          snake_1, spider_1, d_20, vaults_1, items_5, swamp_end, shoals_end,
          snake_end, spider_end, vaults_end, d_27, items_6, zot_1, zot_end,
          crypt_end, forest_end, elf_end, slime_end, tomb_end, abyss_end,
          pan_hell_end]

Skill      XL: |  1  2 |
---------------+-------+-----
Armour         | 3 4 |  4.5
Long Blades    | 2 |  2.4
Fighting       | 4 |  4.2
Shields        | |  2.6

Action                     || total
---------------------------++-------
  Melee: Long sword        ||    44
    Use: Potion            ||     2
 Armour: Scale mail        ||    25
  Dodge: Dodged            ||    34

Table legend: (Time is in decaauts)
 A = Elapsed time spent in this place.
 B = Non-inter-level travel time spent in this place.
 C = Inter-level travel time spent in this place.
 D = Time resting spent in this place.
 E = Time spent auto-exploring this place.
 F = Levels seen in this place.
 G = Mean time per level.
                   A        B        C        D        E       F      G
               +--------+--------+--------+--------+--------+-----+--------+
         Total |    102 |    102 |      0 |     26 |      0 |   1 |  102.0 |
       Dungeon |    102 |    102 |      0 |     26 |      0 |   1 |  102.0 |
               +--------+--------+--------+--------+--------+-----+--------+

Top non-repeatable levels by time:
       D: 102 daAuts
